AoeStats
← 白鹿城拉车车

Arena

507728940Analyzed
4v4 RM · 11d ago on Sep 19, 2026· 47m 41s· 8 players
Game mode
Random Map
Map size
Large (8 player)
Population
200
Speed
Normal
Resources
Standard
Victory
Conquest
Starting age
Dark Age
Ending age
Imperial Age
RankedLock teamsTeams togetherTeam positionsShared explorationLock speedFull tech treeHidden civsTurbo modeCheats
Victory
Defeat
🇨🇳 Britons · China
1365
+14
🇹🇼 Cumans · Taiwan
1351
+15
🇲🇴 Malay · Macao SAR China
1301
+17
🇦🇷 Teutons · Argentina
1298
+17
🇫🇷 Koreans · France
1482
-22
🇫🇷 Saracens · France
1301
-15
🇫🇷 Mongols · France
1288
-14
🇫🇷 Celts · France
1230
-12
JiKa
9:17 Loom
11:11 Feudal Age
15:51 Castle Age
13:50 Double-Bit Axe
13:46 Horse Collar
21:41 Wheelbarrow
22:12 Bow Saw
23:26 Hand Cart
23:47 Gold Mining
26:33 Gold Shaft Mining
26:29 Stone Mining
29:45 Imperial Age
27:35 Scale Mail Armor
27:46 Forging
27:49 Heavy Plow
27:55 Squires
28:26 Arson
28:27 Gambesons
29:00 Chain Mail Armor
30:22 Iron Casting
29:14 Pikeman
29:57 Halberdier
31:54 Chemistry
32:36 Plate Mail Armor
32:53 Coinage
32:02 Elite Fire Lancer
33:00 Fletching
33:24 Town Watch
34:41 Two-Man Saw
34:16 Bodkin Arrow
36:57 Heavy Rocket Cart
38:12 Conscription
38:54 Banking
39:57 Siege Engineers
40:03 Masonry
40:03 Caravan
40:55 Ballistics
40:48 Fortified Wall
40:40 Bracer
40:51 Thumb Ring
43:14 Treadmill Crane
44:05 Architecture
44:54 Murder Holes
ya3
8:46 Loom
10:31 Feudal Age
15:16 Castle Age
22:23 Padded Archer Armor
23:41 Fletching
25:19 Double-Bit Axe
25:15 Horse Collar
27:24 Leather Archer Armor
27:05 Bodkin Arrow
29:12 Heavy Plow
29:24 Bow Saw
31:08 Ballistics
33:34 Imperial Age
33:41 Elite Mangudai
35:09 Conscription
34:59 Husbandry
35:09 Bloodlines
35:44 Parthian Tactics
35:16 Elite Skirmisher
36:02 Bracer
37:08 Chemistry
38:18 Thumb Ring
39:52 Heavy Cavalry Archer
yalaric
8:36 Loom
10:52 Feudal Age
15:36 Castle Age
16:31 Double-Bit Axe
19:19 Bow Saw
18:58 Horse Collar
23:37 Heavy Plow
24:39 Bloodlines
24:44 Scale Barding Armor
24:55 Town Watch
25:54 Wheelbarrow
28:06 Hand Cart
31:31 Imperial Age
33:17 Chemistry
31:56 Heavy Camel Rider
33:00 Chain Barding Armor
32:51 Forging
40:38 Siege Engineers
Obsie
5:05 Loom
10:27 Feudal Age
17:58 Castle Age
18:23 Double-Bit Axe
18:21 Horse Collar
19:46 Fletching
28:40 Imperial Age
27:30 Wheelbarrow
27:40 Bow Saw
27:55 Bodkin Arrow
27:48 Town Watch
31:31 Conscription
32:10 Siege Engineers
33:25 Scale Mail Armor
33:56 Treadmill Crane
35:36 Gold Mining
35:30 Heavy Scorpion
36:41 Chain Mail Armor
37:01 Fortified Wall
37:49 Ballistics
38:06 Hand Cart
37:53 Heavy Plow
38:31 Gold Shaft Mining
38:49 Plate Mail Armor
39:57 Chemistry
40:22 Hoardings
40:04 Pikeman
40:55 Forging
40:51 Halberdier
45:38 Iron Casting
48:19 Blast Furnace
不講道德
13:03 Feudal Age
16:23 Castle Age
14:21 Double-Bit Axe
14:34 Horse Collar
16:46 Bow Saw
23:11 Gold Mining
28:26 Imperial Age
25:42 Loom
26:32 Forging
25:54 Man-at-Arms
27:19 Wheelbarrow
26:54 Squires
27:19 Scale Barding Armor
27:18 Heavy Plow
27:46 Husbandry
29:00 Iron Casting
28:05 Long Swordsman
28:49 Two-Handed Swordsman
31:03 Blast Furnace
29:54 Arson
32:22 Stone Mining
35:56 Conscription
36:28 Forced Levy
37:24 Elite Battle Elephant
38:45 Town Watch
46:01 Fletching
46:51 Bodkin Arrow
48:25 Ballistics
不講醫德
7:30 Loom
9:49 Feudal Age
15:41 Horse Collar
15:51 Double-Bit Axe
18:15 Stone Mining
20:55 Castle Age
20:11 Gold Mining
23:51 Fletching
25:21 Bow Saw
25:14 Heavy Plow
25:37 Bodkin Arrow
27:25 Wheelbarrow
30:02 Town Watch
35:00 Imperial Age
35:54 Hand Cart
40:42 Bloodlines
42:05 Elite Skirmisher
46:33 Scale Barding Armor
48:22 Chemistry
47:43 Ballistics
47:47 Chain Barding Armor
47:38 Forging
小小財
8:37 Feudal Age
9:32 Double-Bit Axe
10:03 Horse Collar
17:46 Scale Barding Armor
19:55 Castle Age
18:13 Gold Mining
18:26 Loom
19:55 Wheelbarrow
19:37 Forging
19:48 Bloodlines
21:12 Chain Barding Armor
21:02 Heavy Plow
22:55 Iron Casting
23:59 Gold Shaft Mining
22:58 Capped Ram
24:53 Stone Mining
31:39 Imperial Age
31:44 Cavalier
33:35 Plate Barding Armor
34:35 Blast Furnace
35:39 Crop Rotation
35:46 Hand Cart
36:27 Conscription
40:26 Paladin
白鹿城拉车车
10:26 Feudal Age
11:18 Double-Bit Axe
13:56 Castle Age
12:11 Horse Collar
15:05 Bow Saw
16:08 Wheelbarrow
20:14 Loom
22:24 Stone Mining
26:54 Imperial Age
24:52 Fletching
24:47 Treadmill Crane
25:24 Padded Archer Armor
25:28 Gold Mining
26:14 Bodkin Arrow
26:20 Town Watch
27:40 Gold Shaft Mining
28:45 Two-Man Saw
28:17 Leather Archer Armor
29:28 Conscription
29:42 Ballistics
29:41 Town Patrol
30:07 Yeomen
30:42 Bracer
31:12 Ring Archer Armor
32:09 Chemistry
32:33 Elite Longbowman
34:24 Hand Cart
35:25 Siege Engineers
35:30 Masonry
35:06 Arrowslits
37:32 Guilds
37:53 Coinage
37:23 Caravan
42:14 Warwolf
43:12 Banking
44:00 Hoardings
Connection lost

Rejoining the realm…

Still unreachable

The connection could not be restored.

Session expired

The server has moved on; the page needs a fresh start.